AoeStats
← 疼大师

Arena

510303467Analyzed
3v3 RM · 8h ago on Sep 30, 2026· 16m 7s· 6 players
Game mode
Random Map
Map size
Normal (6 player)
Population
200
Speed
Normal
Resources
Standard
Victory
Conquest
Starting age
Dark Age
Ending age
Imperial Age
RankedLock teamsTeams togetherTeam positionsShared explorationLock speedFull tech treeHidden civsTurbo modeCheats
Victory
Defeat
🇯🇵 Danes · Japan
1188
+6
🇦🇺 Varangians · Australia
1033
+11
🇧🇪 Burgundians · Belgium
814
+20
🇨🇳 Lithuanians · China
1176
-22
809
-8
🇨🇳 Gurjaras · China
790
-7
雕龙
1:11 Loom
12:31 Feudal Age
13:22 Double-Bit Axe
18:42 Castle Age
疼大师
93大阅兵(93rdAMP)
10:50 Feudal Age
14:40 Castle Age
13:00 Double-Bit Axe
13:22 Horse Collar
vladtheimpalerofyourmom
10:22 Feudal Age
14:53 Castle Age
13:00 Double-Bit Axe
14:11 Horse Collar
LoomOrDoom
10:47 Feudal Age
14:35 Castle Age
12:34 Double-Bit Axe
12:57 Gold Mining
14:22 Loom
15:29 Bow Saw
17:21 Gold Shaft Mining
Elisabeth
3:21 Loom
6:39 Double-Bit Axe
12:24 Feudal Age
11:47 Horse Collar
14:26 Loom
17:29 Castle Age
16:01 Heavy Plow
16:10 Gold Mining
Connection lost

Rejoining the realm…

Still unreachable

The connection could not be restored.

Session expired

The server has moved on; the page needs a fresh start.